B'har, chaotic male orcish Rogue ----- ------- |...-# ------ |.....-## ##....|#######-..{.| |.....| # |^..-# |<....# |......#### -----# -.-.--# |.....| # ## ## # |......#### # # # # ------- ######### ### #-|-------- # #|........| ### |........| # # ## |........| # ##*##### # |........| # -------|--# |........| # |........|# |........| ##.......>f|# ---------- |........B# |.......@| ---------- B'har the Cutpurse Experience level: 3 Strength: 17 Dexterity: 15 Constitution: 14 Intelligence: 10 Wisdom: 11 Charisma: 8 Health: 0(28) Energy: 9(9) Def: 4 Gold: 201 Moves: 1206 Dungeon seed: Lq4QzaEz7SdadTL6 Game ID: B'har_1546898218 Your Inventory: Coins $ - 201 gold pieces Weapons a - a +0 orcish short sword (weapon in hand) b - 12 +0 orcish daggers (in quiver) i - a +0 orcish dagger l - a +0 long sword s - a cursed +0 boomerang v - a +0 sling w - a +0 spear Armor e - a blessed +1 leather armor (being worn) n - an uncursed +0 orcish helm y - an uncursed +0 orcish helm (being worn) Comestibles g - 2 uncursed food rations h - an uncursed pear m - an uncursed apple Scrolls o - an uncursed scroll of light u - an uncursed scroll of enchant weapon Spellbooks k - an uncursed spellbook of force bolt t - an uncursed spellbook of polymorph Potions c - an uncursed potion of sickness p - an uncursed potion of full healing Rings r - an uncursed ring of slow digestion Tools d - an uncursed lock pick f - an uncursed sack j - an uncursed oil lamp (0:1267) Gems q - an uncursed worthless piece of yellow glass z - an uncursed garnet stone N - an uncursed worthless piece of violet glass Y - 8 uncursed rocks Spells and supernatural/magical abilities: Name Level Category Fail Memory a - force bolt 1 attack 72% 97% W - pray for help -- divine ? -- Your skills at the end: Fighting Skills Weapon Skills dagger [Basic] short sword [Basic] Spellcasting Skills Final Attributes: You were piously aligned. You were poison resistant. You had infravision. You were stealthy. You are dead. Vanquished creatures: 3 iguanas a gas spore a hobbit 2 jackals a fox a kobold 4 goblins 2 sewer rats 3 grid bugs 2 lichens a newt 21 creatures vanquished. Voluntary challenges: You used a wielded weapon 2 times, starting on turn 669. You read items or engraved 2 times, starting on turn 408. You never genocided any monsters. You never polymorphed an object. You never changed form. You used no wishes. You never split a pudding. You never wrote Elbereth's name. You violated your moral code, losing 30 points of alignment, starting on turn 1. Dungeon overview: The Dungeons of Doom: levels 1 to 3 Level 1 a long staircase Level 2 a fountain Level 3 <- You were here a fountain History has recorded: On T:1 you entered the Dungeons of Doom to retrieve the Amulet of Yendor! On T:399 you reached level 2 of The Dungeons of Doom. On T:490 you advanced to experience level 2. On T:803 you reached level 3 of The Dungeons of Doom. On T:843 you advanced to experience level 3. Score breakdown: Gold: 201 ( 7842 points) Experience: 3 levels ( 7878 points) Exploration: 3 levels ( 5.88%) ( 6000 points) Discoveries: 1 item ( 0.35%) ( 1770 points) Valuables value: (no points given unless you survive) Artifact value: 0 ( 0 points) Variety of kills: 11 monsters ( 2.89%) ( 5097 points) Turncount: 1206 turns ( 0 points) Survival: died (score multiplied by 80%) Total score: 22869 Latest messages: Your movements are slowed slightly because of your load. You don't have that many! You have only 1. Never mind. You drop 40 rocks. Your movements are now unencumbered. You displace your kitten. The giant bat misses. The giant bat bites! The giant bat just misses! The giant bat bites! (3x) The orcish dagger hits the giant bat. The giant bat bites! The orcish dagger hits the giant bat. The giant bat bites! (2x) You die... The sack is empty. The sack is empty. Final status: Goodbye B'har the Rogue, killed by a giant bat... You died in The Dungeons of Doom on dungeon level 3 with 22869 points, and 201 pieces of gold, after 1206 moves. You were level 3 with a maximum of 28 hit points when you died.